 Dungeon Crawl Stone Soup version 0.27.1-1-g398f81649c (webtiles) character file.

Game seed: 6949722816900552906

51 MisterFreud the Digger (level 3, 0/42 HPs)
             Began as a Gnoll Wanderer on Sept 21, 2021.
             Was a Believer of Nemelex Xobeh.
             Succumbed to an adder's poison
             ... on level 3 of the Dungeon.
             The game lasted 00:03:38 (3191 turns).

MisterFreud the Digger (Gnoll Wanderer)             Turns: 3191, Time: 00:03:39

Health: 0/42       AC:  2    Str: 12    XL:     3   Next: 83%
Magic:  0/4        EV:  9    Int: 11    God:    Nemelex Xobeh [**....]
Gold:   82         SH:  8    Dex: 11    Spells: 3/4 levels left

rFire    . . .     SeeInvis .   f - +0 short sword
rCold    . . .     Faith    .   d - +0 kite shield
rNeg     . . .     Spirit   .   c - +0 robe
rPois    .         Reflect  .   (no helmet)
rElec    .         Harm     .   (no cloak)
rCorr    .         Rampage  .   (no gloves)
Will     .....                  (no boots)
Stlth    ..........             (no amulet)
HPRegen  0.14/turn              (no ring)
MPRegen  0.09/turn              (no ring)

@: brilliant, berserking, lethally poisoned (0 -> -3), very quick
A: fangs 1, strong nose, distributed training
a: Renounce Religion, Draw Escape, Draw Destruction, Draw Summoning


You were on level 3 of the Dungeon.
You worshipped Nemelex Xobeh.
Nemelex Xobeh was pleased with you.
You visited 1 branch of the dungeon, and saw 3 of its levels.

You collected 82 gold pieces.

Inventory:

Hand Weapons
 a - a +0 club
 f - a +0 short sword (weapon)
Missiles
 e - 24 stones
Armour
 c - a +0 robe (worn)
 d - a +0 kite shield (worn)
Scrolls
 b - 2 scrolls of teleportation
 h - a scroll of fear {unknown}
 i - a scroll of acquirement {unknown}
 k - 4 scrolls of amnesia {unknown}
 m - 4 scrolls of identify {unknown}
 n - 2 scrolls of holy word {unknown}
Potions
 l - a potion of haste {unknown}


   Skills:
 + Level 2.6 Fighting
 + Level 1.0 Short Blades
 + Level 1.0 Long Blades
 + Level 1.0 Axes
 + Level 1.0 Maces & Flails
 + Level 2.6 Polearms
 + Level 1.0 Staves
 + Level 1.0 Slings
 + Level 1.0 Bows
 + Level 1.0 Crossbows
 + Level 2.6 Throwing
 + Level 1.0 Armour
 + Level 1.0 Dodging
 + Level 2.4 Stealth
 + Level 2.6 Shields
 + Level 1.0 Unarmed Combat
 + Level 1.0 Spellcasting
 + Level 0.7 Conjurations
 + Level 0.7 Hexes
 + Level 0.7 Summonings
 + Level 0.7 Necromancy
 + Level 0.7 Translocations
 + Level 3.8 Transmutations
 + Level 0.7 Fire Magic
 + Level 0.7 Ice Magic
 + Level 0.7 Air Magic
 + Level 5.4 Earth Magic
 + Level 0.7 Poison Magic
 + Level 1.0 Invocations
 + Level 1.0 Evocations


You had 3 spell levels left.
You knew the following spells:

 Your Spells              Type           Power      Damage    Failure   Level
a - Sandblast             Erth           36%        2d10      17%         1

Your spell library contained the following spells:

 Spells                   Type           Power      Damage    Failure   Level
 Stone Arrow              Conj/Erth      20%        3d8       80%         3


Dungeon Overview and Level Annotations

Branches:
Dungeon (3/15)

Altars:
Nemelex Xobeh

Shops:
D:1 =


Innate Abilities, Weirdness & Mutations

You have very sharp teeth.
Your uncanny sense of smell can sniff out nearby items.
Your experience applies equally to all skills.


Message History

You feel sick.
You are no longer poisoned.
The adder bites you but does no damage.
You closely miss the adder.
The adder is moderately wounded.
The adder bites you.
You are poisoned.
The adder poisons you! You block the adder's attack.
Casting: Sandblast (safe; 17% risk of failure)
Confirm with . or Enter, or press ? or * to list all spells.
Aiming: Sandblast (safe; 17% risk of failure)
Press: ? - help, Shift-Dir - straight line, f/p - adder
Aim: an adder (moderately wounded, 66% to hit)
The blast of sand hits the adder!
The adder is almost dead.
You feel sick. The adder misses you.
You closely miss the adder.
The adder is almost dead.
You feel sick. The adder completely misses you. The adder bites you.
* * * LOW HITPOINT WARNING * * *
You are lethally poisoned!
The adder poisons you!
You barely miss the adder.
The adder is almost dead.
* * * LOW HITPOINT WARNING * * *
You feel sick. The adder barely misses you. The adder bites you.
* * * LOW HITPOINT WARNING * * *
It was a potion of brilliance.
You feel clever all of a sudden.
* * * LOW HITPOINT WARNING * * *
You feel sick. You block the adder's attack.
It was a potion of berserk rage.
A red film seems to cover your vision as you go berserk!
You feel yourself moving faster!
You feel mighty!
* * * LOW HITPOINT WARNING * * *
You feel sick. You block the adder's attack.
You closely miss the adder.
The adder is almost dead.
You die...
Your body glows slightly and disappears.

.#........#.##
#............#
#.........#..#
#.........#..#####.
#.........#........
#.
#...!..............
#.#
..........#†##......
#.# ..........#S#
#...###.####
#.........#@#
#...........
#....^....#.##
#.##........
.$.......#..##
#.##.....<..
.......###..#
#.##........ .....#
##.###.##........
#..##...........
##..............
##.......######
#.......#


You could see an adder.

Vanquished Creatures
  An adder (D:2)
  3 worms
  2 endoplasms
  A giant cockroach (D:1)
  5 goblins
  2 hobgoblins (D:1)
  4 quokkas
  2 ball pythons
  4 bats
  2 frilled lizards (D:2)
  4 kobolds (D:1)
  4 rats (D:1)
34 creatures vanquished.

Vanquished Creatures (others)
  9 plants (D:1)
9 creatures vanquished.

Grand Total: 43 creatures vanquished

Notes
Turn   | Place    | Note
-------+----------+-------------------------------------------
     0 | D:1      | MisterFreud the Gnoll Wanderer began the quest for the Orb.
     0 | D:1      | MisterFreud set off with the following items: a +0 club, a
                  | scroll of teleportation, a +0 robe, a +0 kite shield; and
                  | the following spell memorised: Sandblast; and the following
                  | spells available to memorise: Stone Arrow
     0 | D:1      | Reached XP level 1. HP: 17/17 MP: 1/1
    94 | D:1      | Found Leest's Jewellery Shop.
   606 | D:1      | Found a faded altar of an unknown god.
   615 | D:1      | Became a worshipper of Nemelex Xobeh the Trickster
   615 | D:1      | Reached * piety under Nemelex Xobeh
   615 | D:1      | Received a gift from Nemelex Xobeh
   645 | D:1      | Reached XP level 2. HP: 17/23 MP: 2/2
  2151 | D:2      | Reached ** piety under Nemelex Xobeh
  2333 | D:2      | Reached XP level 3. HP: 25/28 MP: 3/3
  2367 | D:2      | Found a sparkling altar of Nemelex Xobeh.
  2989 | D:2      | Reached skill level 1 in Invocations
  3141 | D:3      | Received a gift from Nemelex Xobeh
  3162 | D:3      | Reached skill level 1 in Short Blades
  3162 | D:3      | Reached skill level 1 in Long Blades
  3162 | D:3      | Reached skill level 1 in Axes
  3162 | D:3      | Reached skill level 1 in Maces & Flails
  3162 | D:3      | Reached skill level 1 in Staves
  3162 | D:3      | Reached skill level 1 in Slings
  3162 | D:3      | Reached skill level 1 in Bows
  3162 | D:3      | Reached skill level 1 in Crossbows
  3162 | D:3      | Reached skill level 1 in Armour
  3162 | D:3      | Reached skill level 1 in Dodging
  3162 | D:3      | Reached skill level 1 in Unarmed Combat
  3162 | D:3      | Reached skill level 1 in Spellcasting
  3162 | D:3      | Reached skill level 1 in Evocations
  3189 | D:3      | HP: 1/28 [poisoned by an adder]
  3191 | D:3      | Succumbed to an adder's poison

Illustrated notes

Levels and vault maps discovered:
D:1:      nzn_arrival_water_spiral, layout_basic, serial_bayou,
          serial_bayou_shore_a, serial_bayou_lake_a, serial_bayou_ford_a,
          serial_bayou_pond_c, serial_shops, shop, shapermc_ecumenical_altar_gd
D:2:      layout_loops_cross, basic_altar, kennysheep_generic_room_12
D:3:      layout_rooms, kennysheep_generic_room_10, uniq_crazy_yiuf_cottage

Skill      XL: |  1  2  3 |
---------------+----------+-----
Invocations    | 1 |  1.0
Short Blades   | 1 |  1.0
Long Blades    | 1 |  1.0
Axes           | 1 |  1.0
Maces & Flails | 1 |  1.0
Staves         | 1 |  1.0
Slings         | 1 |  1.0
Bows           | 1 |  1.0
Crossbows      | 1 |  1.0
Armour         | 1 |  1.0
Dodging        | 1 |  1.0
Unarmed Combat | 1 |  1.0
Spellcasting   | 1 |  1.0
Evocations     | 1 |  1.0
Fighting       | |  2.6
Polearms       | |  2.6
Throwing       | |  2.6
Stealth        | |  2.4
Shields        | |  2.6
Conjurations   | |  0.7
Hexes          | |  0.7
Summonings     | |  0.7
Necromancy     | |  0.7
Translocations | |  0.7
Transmutations | |  3.8
Fire Magic     | |  0.7
Ice Magic      | |  0.7
Air Magic      | |  0.7
Earth Magic    | |  5.4
Poison Magic   | |  0.7

Action                   || total
-------------------------++-------
Melee: Club              ||    22
       Short sword       ||    88
       Bite              ||     6
 Cast: Sandblast         ||    17
  Use: Potion            ||     2
 Stab: Sleeping          ||     4
Armor: Robe              ||    21
Dodge: Dodged            ||    49
Block: Kite shield       ||    49
